 Dungeon Crawl Stone Soup version 0.21.1-1-g345015f (webtiles) character file.

23 letownia2 the Charmwright (level 2, 0/22 HPs)
             Began as a Merfolk Skald on Mar 14, 2018.
             Succumbed to a scorpion's poison
             ... on level 4 of the Dungeon.
             The game lasted 00:02:50 (445 turns).

letownia2 the Charmwright (Merfolk Skald)            Turns: 445, Time: 00:02:51

Health: 0/22       AC:  4    Str: 11    XL:     2   Next: 95%
Magic:  1/5        EV: 12    Int: 12    God:
Gold:   24         SH:  0    Dex: 13    Spells: 2/5 levels left

rFire    . . .     SeeInvis .   a - +0 spear
rCold    . . .     Gourm    .   (no shield)
rNeg     . . .     Faith    .   b - +0 leather armour
rPois    .         Spirit   .   (no helmet)
rElec    .         Reflect  .   h - +0 cloak
rCorr    .         Harm     .   (no gloves)
MR       .....                  (no boots)
Stlth    +.........             (no amulet)
HPRegen  0.07/turn              (no ring)
MPRegen  0.09/turn              (no ring)

@: lethally poisoned (0 -> -14), shrouded, infused
A: change form in water, swift swim, stealthy swim
a: no special abilities


You were on level 4 of the Dungeon.
You were not hungry.

You visited 1 branch of the dungeon, and saw 4 of its levels.

You collected 24 gold pieces.

Inventory:

Hand Weapons
 a - a +0 spear (weapon)
Armour
 b - a +0 leather armour (worn)
 g - a +0 buckler
 h - a +0 cloak (worn)
 j - a +0 ring mail
 k - a cursed +0 leather armour
Scrolls
 e - 3 scrolls of teleportation {unknown}
 i - a scroll of identify {unknown}
Potions
 f - a potion of brilliance
Books
 c - a book of Battle

   Spells                             Type                      Level
   a - Infusion                       Charms                       1
   b - Shroud of Golubria             Charms/Translocation         2
   c - Song of Slaying                Charms                       2
   d - Spectral Weapon                Hexes/Charms                 3
   e - Regeneration                   Charms/Necromancy            3
Comestibles
 d - 2 rations


   Skills:
 - Level 2.1 Fighting
 - Level 3.0 Polearms
 - Level 0.6 Armour
 - Level 2.6 Dodging
 - Level 2.0 Spellcasting
 - Level 3.9 Charms
 + Level 1.2 Translocations


You had 2 spell levels left.
You knew the following spells:

 Your Spells              Type           Power        Failure   Level  Hunger
a - Infusion              Chrm           ##..         7%          1    ##.....
t - Shroud of Golubria    Chrm/Tloc      #.........   19%         2    ###....


Dungeon Overview and Level Annotations

Branches:
Dungeon (4/15)
 Temple: D:4-7

Altars:

Shops:
D:4 (

Annotations:
D:3 letownia2's ghost, amateur MfSk


Message History

Found a scroll labeled BEMOCV SOESEO.
You see here a shield.
A scorpion comes into view.
You see here a scroll labeled BEMOCV SOESEO.
e - 3 scrolls labeled BEMOCV SOESEO (gained 1)
Casting: Infusion
Confirm with . or Enter, or press ? or * to list all spells.
Space distorts slightly along a thin shroud covering your body.
Casting: Shroud of Golubria
Confirm with . or Enter, or press ? or * to list all spells.
You begin infusing your attacks with magical energy.
You hit the scorpion.
The scorpion is moderately wounded.
The scorpion stings you.
* * * LOW HITPOINT WARNING * * *
You are lethally poisoned!
The scorpion poisons you!
You closely miss the scorpion.
The scorpion is moderately wounded.
You die...

###### #....#
#.##.#############
#................#######
#.......##..............
....∩................##.
#..........###...s......
................@#
#.###.#...#......#
#.###.#.##.##....#
#...>.#.##..[....#
......#.#####.#..#
####.##.# #.#..#
...#.##.. ..#..# ##.#
#### ####..# ..#


You could see a scorpion.

Vanquished Creatures
  An adder (D:4)
  3 goblins
  2 hobgoblins
  A quokka (D:2)
  A ball python (D:1)
  3 bats
  3 frilled lizards
14 creatures vanquished.

Notes
Turn   | Place    | Note
-------+----------+-------------------------------------------
     0 | D:1      | letownia2 the Merfolk Skald began the quest for the Orb.
     0 | D:1      | Reached XP level 1. HP: 16/16 MP: 3/3
   215 | D:1      | Reached XP level 2. HP: 20/22 MP: 1/5
   249 | D:2      | Learned a level 2 spell: Shroud of Golubria
   298 | D:3      | Noticed letownia2's ghost (amateur MfSk)
   373 | D:4      | Reached skill level 1 in Translocations
   383 | D:4      | HP: 1/22 [poisoned by an adder]
   403 | D:4      | Found Hegel's Weapon Emporium.
   439 | D:4      | Noticed a scorpion
   444 | D:4      | HP: 1/22 [scorpion (4)]
   445 | D:4      | Succumbed to a scorpion's poison

Skill      XL: |  1  2 |
---------------+-------+-----
Translocations | 1 |  1.2
Fighting       | |  2.1
Polearms       | |  3.0
Armour         | |  0.6
Dodging        | |  2.6
Spellcasting   | |  2.0
Charms         | |  3.9

Action                   || total
-------------------------++-------
Melee: Spear             ||    52
 Cast: Infusion          ||     8
       Shroud of Golubri ||     1
  Use: Potion            ||     1
 Stab: Sleeping          ||     1
Armor: Leather armour    ||    15
Dodge: Dodged            ||    36
